 Dungeon Crawl Stone Soup version 0.17.0-28-g6e173f8 (webtiles) character file.

21306 Ijustatesigmund the Commander (level 12, -3/86 HPs)
             Began as a Demonspawn Wizard on Nov 27, 2015.
             Was a High Priest of Okawaru.
             Slain by a four-headed hydra (4 damage)
             ... on level 12 of the Dungeon.
             The game lasted 01:06:36 (14920 turns).

Ijustatesigmund the Commander (Demonspawn Wizard)  Turns: 14920, Time: 01:06:36

Health: -3/86      AC: 11    Str:  8    XL:     12   Next: 53%
Magic:  0/24       EV: 12    Int: 23    God:    Okawaru [*****.]
Gold:   866        SH:  0    Dex: 16    Spells: 6 memorised, 18 levels left

rFire  . . .     SeeInvis .     O - +1 morningstar
rCold  + . .     Clarity  .     T - +2 robe {MR+}
rNeg   . . .     SustAt   .     (no shield)
rPois  .         Gourm    .     R - +0 helmet
rElec  .         Spirit   +     (no cloak)
rCorr  .         Warding  .     N - +1 pair of gloves {Dex+3}
rMut   .         Stasis   .     M - +1 pair of boots
MR     ++...                    p - amulet of faith
Stlth  +++.......               x - ring of protection from magic
                                q - ring of protection from cold

@: finesse, repel missiles, very resistant to hostile enchantments, fairly
stealthy
A: hooves 2, yellow scales 1, spiny 2, magic shield, magic regeneration
a: Heroism, Finesse, Renounce Religion


You were on level 12 of the Dungeon.
You worshipped Okawaru.
Okawaru was extremely pleased with you.
You were hungry.

You visited 3 branches of the dungeon, and saw 16 of its levels.

You collected 931 gold pieces.
You spent 65 gold pieces at shops.

Inventory:

Hand Weapons
 a - the +8 hand crossbow "Paotonk" {elec, rPois Int+5}
   (Okawaru gifted it to you on level 9 of the Dungeon)

   It charges the ammunition it shoots with electricity; occasionally upon a
   hit, such missiles may discharge and cause terrible harm.
   It affects your intelligence (+5).
   It protects you from poison.
 O - a +1 morningstar (weapon)
Missiles
 b - 2 throwing nets (quivered)
 u - 12 silver bolts
 U - 6 bolts of frost
 V - 3 bolts
Armour
 h - the +0 plate armour "Imem" {Str+3, unknown}
   (Okawaru gifted it to you on level 12 of the Dungeon)

   It affects your strength (+3).
 t - the +3 scale mail of Context {rC+ MR+}
   (You found it on level 5 of the Dungeon)

   It protects you from cold.
   It affects your resistance to hostile enchantments.
 y - a +1 leather armour of cold resistance
 L - a +2 ring mail of cold resistance
 M - a +1 pair of boots (worn)
 N - a +1 pair of gloves of dexterity (worn)
 R - a +0 helmet (worn)
 T - a +2 robe of magic resistance (worn)
Magical Staves
 n - an uncursed staff of wizardry
Jewellery
 p - an amulet of faith (around neck)
 q - a ring of protection from cold (left hand)
 x - a ring of protection from magic (right hand)
 A - an uncursed ring of see invisible
 C - a +1 ring of protection
 E - an uncursed ring of invisibility
Wands
 G - a wand of flame (24)
 K - a wand of slowing (26)
 S - a wand of magic darts (15)
Scrolls
 w - 3 scrolls of remove curse
 B - 2 scrolls of amnesia
 D - 3 scrolls of teleportation
 F - a scroll of identify
 H - 2 scrolls of recharging
 J - a scroll of enchant armour
 P - a scroll of blinking
 Q - a scroll of enchant weapon
Potions
 e - a potion of cure mutation
 g - 2 potions of curing
 i - 2 potions of brilliance
 j - a potion of heal wounds
 k - a potion of might
 l - a potion of resistance {unknown}
 m - 3 potions of lignification
 r - a potion of magic
 z - 4 potions of haste
Books
 c - a book of Minor Magic

   Spells                             Type                      Level
   a - Magic Dart                     Conjuration                  1
   b - Blink                          Translocation                2
   c - Call Imp                       Summoning                    2
   d - Repel Missiles                 Charms/Air                   2
   e - Slow                           Hexes                        2
   f - Conjure Flame                  Conjuration/Fire             3
   g - Mephitic Cloud                 Conjuration/Poison/Air       3
 W - a book of Party Tricks

   Spells                             Type                      Level
   a - Summon Butterflies             Summoning                    1
   b - Apportation                    Translocation                1
   c - Tukima's Dance                 Hexes                        3
   d - Alistair's Intoxication        Transmutation/Poison         4
   e - Invisibility                   Hexes                        6
Miscellaneous
 o - a lamp of fire
 X - a disc of storms
Comestibles
 d - 14 bread rations
 f - a beef jerky
 s - 6 meat rations
 v - 15 fruits
 I - 3 slices of pizza


   Skills:
 - Level 5.5 Fighting
 - Level 4.0 Maces & Flails
 + Level 6.9 Crossbows
 - Level 3.4 Armour
 - Level 1.7 Dodging
 - Level 3.7 Stealth
 - Level 8.5 Spellcasting
 + Level 9.3 Conjurations
 - Level 1.0 Summonings
 - Level 5.1 Translocations
 - Level 4.2 Air Magic
 - Level 4.6 Poison Magic
 + Level 11.0 Invocations


You had 18 spell levels left.
You knew the following spells:

 Your Spells              Type           Power        Failure   Level  Hunger
a - Magic Dart            Conj           ####         1%          1    None
b - Blink                 Tloc           N/A          1%          2    None
c - Repel Missiles        Chrm/Air       ###...       4%          2    None
d - Mephitic Cloud        Conj/Pois/Air  #####...     1%          3    None
e - Apportation           Tloc           ####......   1%          1    None
f - Summon Butterflies    Summ           ##......     4%          1    None


Dungeon Overview and Level Annotations

Branches:
Dungeon (13/15)            Temple (1/1) D:4            Lair (0/8) D:9
    Orc (2/4) D:10
 Vaults: D:13-14

Altars:
Ashenzari
Cheibriados
Dithmenos
Elyvilon
Fedhas
Gozag
Kikubaaqudgha
Makhleb
Nemelex Xobeh
Okawaru
Qazlal
Ru
Sif Muna
Trog
Vehumet
Xom
Yredelemnul
Zin
The Shining One

Shops:
D:7 *   D:9 (   D:11 !


Innate Abilities, Weirdness & Mutations

You have hoof-like feet.
You are partially covered in yellow scales (AC +2).
You are mostly covered in sharp spines.
When hurt, damage is shared between your health and your magic reserves.
You regenerate magic rapidly.


Message History

The four-headed hydra barely misses you. x2
The four-headed hydra bites you!
* * * LOW HITPOINT WARNING * * *
You're too confused to cast spells.
You bump into the rock wall.
The four-headed hydra is struck by your spines.
The four-headed hydra completely misses you.
The four-headed hydra misses you. The four-headed hydra bites you!
* * * LOW HITPOINT WARNING * * *
The four-headed hydra closely misses you.
You're too confused to cast spells.
You're too confused to move!
You feel less confused.
The four-headed hydra bites you but does no damage.
The four-headed hydra bites you!
* * * LOW HITPOINT WARNING * * *
The four-headed hydra bites you!
* * * LOW HITPOINT WARNING * * *
The four-headed hydra bites you.
You die...

#. #.## #...## #...#
############..
#...####))>D@.......# ..
#.....#)############ .#
#..#....# .# ###.[...#.##
.. . #.(..####..## ...
#.#.)....#... ##..
#.#......###.#####....
#...#......# #.......#
###
5.##......####......#...#


You could see a four-headed hydra.

Vanquished Creatures
  Gastronok (D:8)
  Josephine (D:11)
  A hydra (D:12)
  Harold (D:10)
  Erolcha (D:8)
  Erica (D:10)
  A tengu warrior (D:9)
  Urug (D:11)
  The ghost of ketsa the Summoner, a novice TeSu of Qazlal (D:9)
  Pikel (D:5)
  An ugly thing (D:12)
  5 hill giants
  A cyclops (D:11)
  2 gargoyles
  2 centaur skeletons (D:12)
  A kobold demonologist (D:12)
  An efreet (D:10)
  2 trolls
  A tengu conjurer (D:9)
  A two-headed ogre (D:9)
  A hornet zombie (D:12)
  2 deep elf magi
  4 wraiths (D:11)
  A human (D:7)
  A wyvern (D:9)
  Eustachio (D:5)
  A yak (D:7)
  3 hippogriffs
  A hog (D:7)
  A hungry ghost (D:9)
  A warg (Orc:2)
  2 water moccasins
  4 phantoms
  2 black bears (D:8)
  A necrophage (D:6)
  3 orc warriors
  2 ice beasts
  5 sky beasts
  8 ogres
  An eye of draining (D:9)
  6 centaurs
  6 big kobolds
  7 giant frogs
  A wyvern zombie (D:11)
  A wyvern skeleton (D:12)
  2 gnoll sergeants (D:9)
  3 scorpions
  4 wights (D:8)
  2 crimson imps
  A quasit (D:7)
  3 jellies
  Ijyb (D:2)
  10 orc priests
  A giant frog zombie (D:11)
  5 iguanas
  16 worker ants
  8 orc wizards
  2 sheep (D:7)
  A killer bee zombie (D:6)
  A hound zombie (D:6)
  A hound skeleton (D:11)
  A worker ant zombie (D:9)
  Robin (D:2)
  19 adders
  15 gnolls
  A shadow imp (D:9)
  2 adder skeletons
  3 worms
  3 giant geckos
  58 orcs
  7 bats
  7 giant cockroaches
  19 goblins
  6 hobgoblins
  9 jackals
  9 quokkas
  3 ball pythons
  2 giant gecko skeletons
  3 giant newts
  A jackal skeleton (D:4)
  19 kobolds
  A quokka skeleton (D:5)
  8 rats
351 creatures vanquished.

Vanquished Creatures (others)
  2 orc wizards
  A jackal (D:4)
3 creatures vanquished.

Grand Total: 354 creatures vanquished

Notes
Turn   | Place    | Note
--------------------------------------------------------------
     0 | D:1      | Ijustatesigmund the Demonspawn Wizard began the quest for the Orb.
     0 | D:1      | Reached XP level 1. HP: 13/13 MP: 4/4
   645 | D:1      | Gained mutation: You are partially covered in sharp spines. [demonic ancestry]
   645 | D:1      | Reached XP level 2. HP: 19/19 MP: 0/6
   704 | D:1      | Learned a level 2 spell: Blink
   707 | D:1      | Learned a level 2 spell: Repel Missiles
   833 | D:2      | Found a snail-covered altar of Cheibriados.
   850 | D:2      | Reached skill level 1 in Translocations
  1181 | D:2      | Noticed Ijyb
  1189 | D:2      | Killed Ijyb
  1189 | D:2      | Reached XP level 3. HP: 20/24 MP: 1/7
  1473 | D:2      | Noticed Robin
  1489 | D:2      | Killed Robin
  1489 | D:2      | Reached skill level 4 in Conjurations
  1489 | D:2      | Gained mutation: When hurt, damage is shared between your health and your magic reserves. [demonic ancestry]
  1489 | D:2      | Reached XP level 4. HP: 6/30 MP: 8/8
  1746 | D:2      | Learned a level 3 spell: Mephitic Cloud
  2139 | D:3      | Reached skill level 1 in Poison Magic
  2211 | D:2      | Reached skill level 1 in Air Magic
  2211 | D:2      | Reached XP level 5. HP: 25/35 MP: 7/9
  2420 | D:3      | Found a basalt altar of Yredelemnul.
  2540 | D:3      | Found a white marble altar of Elyvilon.
  2971 | D:4      | Found a large runed door.
  2972 | D:4      | Found a large runed door.
  3000 | D:4      | Found a large runed door.
  3000 | D:4      | Found a large runed door.
  3474 | D:4      | Reached skill level 1 in Maces & Flails
  3474 | D:4      | Gained mutation: You regenerate magic rapidly. [demonic ancestry]
  3474 | D:4      | Reached XP level 6. HP: 41/41 MP: 4/10
  3757 | D:4      | Reached skill level 5 in Conjurations
  3885 | D:4      | Found a staircase to the Ecumenical Temple.
  3892 | Temple   | Entered the Ecumenical Temple
  3935 | Temple   | Became a worshipper of Warmaster Okawaru
  4424 | D:4      | Gained mutation: You are mostly covered in sharp spines. [demonic ancestry]
  4424 | D:4      | Reached XP level 7. HP: 40/46 MP: 11/11
  4535 | D:5      | Entered Level 5 of the Dungeon
  4757 | D:5      | Reached * piety under Okawaru
  4757 | D:5      | Reached skill level 5 in Invocations
  4909 | D:5      | Found a blossoming altar of Fedhas.
  4924 | D:5      | Reached skill level 6 in Invocations
  4978 | D:5      | Reached skill level 7 in Invocations
  4985 | D:5      | Got a faintly glowing scale mail
  5116 | D:4      | Identified the +3 scale mail of Context {rC+ MR+} (You found it on level 5 of the Dungeon)
  5174 | D:5      | Reached skill level 1 in Fighting
  5254 | D:5      | Reached ** piety under Okawaru
  5254 | D:5      | Gained mutation: You have large cloven feet. [demonic ancestry]
  5254 | D:5      | Reached XP level 8. HP: 14/54 MP: 3/13
  5452 | D:5      | Noticed Pikel
  5465 | D:5      | Killed Pikel
  5465 | D:5      | Reached skill level 8 in Invocations
  5561 | D:5      | Noticed Eustachio
  5577 | D:5      | Killed Eustachio
  5577 | D:5      | Reached *** piety under Okawaru
  6160 | D:6      | Reached skill level 9 in Invocations
  6219 | D:6      | Reached skill level 1 in Armour
  6320 | D:6      | Gained mutation: You are partially covered in yellow scales (AC +2). [demonic ancestry]
  6320 | D:6      | Reached XP level 9. HP: 65/65 MP: 10/15
  6426 | D:6      | Found a shimmering altar of Xom.
  7012 | D:7      | Reached skill level 5 in Fighting
  7056 | D:7      | Reached **** piety under Okawaru
  7494 | D:7      | Found a burning altar of Makhleb.
  7499 | D:7      | Found Cigeycs's Profane Products.
  7830 | D:7      | Reached skill level 5 in Spellcasting
  7928 | D:7      | Found a sparkling altar of Nemelex Xobeh.
  8173 | D:8      | Noticed Erolcha
  8208 | D:8      | Killed Erolcha
  8208 | D:8      | Reached ***** piety under Okawaru
  8208 | D:8      | Gained mutation: You have hoof-like feet. [demonic ancestry]
  8208 | D:8      | Reached XP level 10. HP: 62/74 MP: 13/20
  8490 | D:8      | Found a shattered altar of Ashenzari.
  8526 | D:8      | Received a gift from Okawaru
  8530 | D:8      | Got a jewelled quarterstaff {god gift}
  8589 | D:8      | Identified the +8 quarterstaff "Exkubukh" {freeze, rPois rN+ Str-5} (Okawaru gifted it to you on level 8 of the Dungeon)
  8669 | D:8      | Noticed Gastronok
  8693 | D:8      | Killed Gastronok
  8991 | D:9      | Received a gift from Okawaru
  9001 | D:9      | Got a fine hand crossbow {god gift}
  9009 | D:8      | Found a stormy altar of Qazlal.
  9009 | D:8      | Found a burning altar of Makhleb.
  9230 | D:8      | Identified the +8 hand crossbow "Paotonk" {elec, rPois Int+5} (Okawaru gifted it to you on level 9 of the Dungeon)
  9269 | D:9      | Found a staircase to the Lair.
  9553 | D:9      | Found a bloodstained altar of Trog.
  9767 | D:9      | Noticed ketsa's ghost (novice TeSu)
  9801 | D:9      | Reached skill level 1 in Crossbows
 10058 | D:9      | Found Zorch's Weapon Boutique.
 10125 | D:9      | Noticed a tengu warrior
 10144 | D:9      | Killed a tengu warrior
 10144 | D:9      | Reached XP level 11. HP: 44/80 MP: 5/23
 10239 | D:9      | Found a deep blue altar of Sif Muna.
 10341 | D:9      | Found an opulent altar of Gozag.
 10500 | D:9      | Killed ketsa's ghost
 10785 | D:10     | Entered Level 10 of the Dungeon
 10831 | D:10     | Noticed Harold
 10850 | D:10     | Killed Harold
 10982 | D:10     | Noticed a hill giant
 10992 | D:10     | Killed a hill giant
 11015 | D:10     | Noticed Erica
 11034 | D:10     | Killed Erica
 11034 | D:10     | Reached ****** piety under Okawaru
 11034 | D:10     | Received a gift from Okawaru
 11718 | D:10     | Found a staircase to the Orcish Mines.
 11899 | Orc:1    | Entered Level 1 of the Orcish Mines
 11900 | Orc:1    | Found a bloodstained altar of Trog.
 12414 | D:11     | Reached skill level 5 in Translocations
 12582 | D:11     | Found Qiotreh's Distillery.
 12594 | D:11     | Bought a potion of heal wounds for 65 gold pieces
 12659 | D:11     | Noticed Urug
 12683 | D:11     | Noticed Josephine
 12684 | D:11     | HP: 3/80 [Urug/long sword (9)]
 12687 | D:11     | Killed Urug
 12687 | D:11     | Reached skill level 5 in Crossbows
 12888 | D:11     | Received a gift from Okawaru
 12902 | D:11     | Killed Josephine
 12902 | D:11     | Received a gift from Okawaru
 13210 | D:11     | Noticed a hill giant
 13375 | D:11     | Received a gift from Okawaru
 13375 | D:11     | Reached XP level 12. HP: 39/86 MP: 16/24
 13474 | D:11     | Killed a hill giant
 13965 | D:11     | Learned a level 1 spell: Apportation
 13967 | D:11     | Learned a level 1 spell: Summon Butterflies
 14082 | D:12     | Noticed a five-headed hydra
 14097 | D:12     | Killed a five-headed hydra
 14097 | D:12     | Received a gift from Okawaru
 14097 | D:12     | Reached skill level 10 in Invocations
 14112 | D:12     | Received a gift from Okawaru
 14113 | D:12     | Got an encrusted plate armour {god gift}
 14854 | D:12     | Reached skill level 11 in Invocations
 14913 | D:12     | Noticed a four-headed hydra
 14920 | D:12     | HP: 1/86 [four-headed hydra (6)]
 14920 | D:12     | Slain by a four-headed hydra

Action                   |  1- 3 |  4- 6 |  7- 9 | 10-12 || total
-------------------------+-------+-------+-------+-------++-------
Melee: Mace              |    23 |    17 |       |       ||    40
       Unarmed           |     3 |       |       |       ||     3
       Flail             |       |    47 |   107 |    23 ||   177
       Morningstar       |       |       |       |   266 ||   266
 Fire: Hand crossbow     |       |       |       |   146 ||   146
Throw: Throwing net      |       |       |       |     6 ||     6
 Cast: Magic Dart        |    59 |    73 |   157 |   164 ||   453
       Repel Missiles    |     1 |     1 |     1 |     2 ||     5
       Mephitic Cloud    |       |     7 |    14 |    35 ||    56
       Blink             |       |       |       |     8 ||     8
Invok: Heroism           |       |       |     1 |    11 ||    12
       Finesse           |       |       |       |     3 ||     3
  Use: Scroll            |     3 |     5 |     7 |    15 ||    30
       Potion            |       |       |       |     8 ||     8
 Stab: Sleeping          |     1 |       |     3 |     2 ||     6
       Confused          |       |       |     2 |     6 ||     8
  Eat: Chunk             |     2 |     7 |     7 |    11 ||    27
       Fruit             |       |     3 |     5 |     4 ||    12
       Pizza             |       |       |     1 |     3 ||     4
       Beef jerky        |       |       |       |     2 ||     2
       Royal jelly       |       |       |       |     1 ||     1
